 Dungeon Crawl Stone Soup version 0.21.1-1-g345015fe64 (webtiles) character file.

351 Mrkan the Cudgeler (level 6, -4/57 HPs)
             Began as a Minotaur Fighter on May 10, 2018.
             Slain by an ogre
             ... wielding a +0 giant club
              (21 damage)
             ... on level 4 of the Dungeon.
             The game lasted 00:08:09 (3724 turns).

Mrkan the Cudgeler (Minotaur Fighter)               Turns: 3724, Time: 00:08:09

Health: -4/57      AC:  9    Str: 21    XL:     6   Next: 34%
Magic:  5/5        EV:  7    Int:  5    God:
Gold:   218        SH:  9    Dex: 11    Spells: 5/5 levels left

rFire    . . .     SeeInvis .   a - +1 flail
rCold    . . .     Gourm    .   c - +0 shield
rNeg     . . .     Faith    .   b - +0 scale mail
rPois    .         Spirit   .   (helmet restricted)
rElec    .         Reflect  .   (no cloak)
rCorr    .         Harm     .   (no gloves)
MR       .....                  r - +1 pair of boots
Stlth    ..........             (no amulet)
HPRegen  0.19/turn              (no ring)
MPRegen  0.09/turn              (no ring)

@: no status effects
A: retaliatory headbutt, horns 2
a: no special abilities


You were on level 4 of the Dungeon.
You were not hungry.

You visited 1 branch of the dungeon, and saw 4 of its levels.
You also visited: Sewer.

You collected 218 gold pieces.

Inventory:

Hand Weapons
 a - a +1 flail (weapon)
Armour
 b - a +0 scale mail (worn)
 c - a +0 shield (worn)
 r - a +1 pair of boots (worn)
 x - a +0 large shield
Jewellery
 s - a cursed -2 ring of dexterity {unknown}
 t - an uncursed ring of positive energy {unknown}
Wands
 q - a wand of paralysis (15)
 u - a wand of polymorph (22)
Scrolls
 e - 3 scrolls of teleportation
 g - a scroll of identify {unknown}
 h - 2 scrolls of magic mapping
 j - 2 scrolls of enchant weapon
 l - 4 scrolls of remove curse
Potions
 d - a potion of might
 i - 2 potions of brilliance {unknown}
 m - 2 potions of degeneration {unknown}
 n - 2 potions of heal wounds {unknown}
 o - 2 potions of curing {unknown}
 z - a potion of invisibility {unknown}
 A - 2 potions of mutation {unknown}
Comestibles
 f - 6 rations
 w - 5 chunks of flesh


   Skills:
 + Level 5.7 Fighting
 * Level 6.8 Maces & Flails
 - Level 3.6 Armour
 - Level 3.6 Shields


You had 5 spell levels left.
You didn't know any spells.

Dungeon Overview and Level Annotations

Branches:
Dungeon (4/15)
 Temple: D:4-7

Altars:
Okawaru
Vehumet
The Shining One


Innate Abilities, Weirdness & Mutations

You reflexively headbutt those who attack you in melee.
You have a pair of horns on your head.


Message History

You see here a hound corpse.
You butcher the hound corpse.
w - 5 chunks of flesh (gained 2)
An ogre comes into view. It is wielding a giant club.
You see here a ration.
The ogre barely misses you. You furiously retaliate!
You headbutt the ogre! The ogre hits you with a giant club!!
You sock the ogre! Your headbutt misses the ogre.
The ogre is severely wounded.
Your shield and scale mail prevent you from hitting the ogre.
The ogre is severely wounded.
The ogre hits you but does no damage.
You sock the ogre! Your headbutt misses the ogre.
The ogre is almost dead.
The ogre hits you with a giant club!
* * * LOW HITPOINT WARNING * * *
You hit the ogre.
The ogre is almost dead.
The ogre hits you with a giant club!!
You die...

## ##.....##.....#
#..#.......#......
#..#.......#.....#
#......_......###
#..#.......#..#
#..#.......#..# #.
##.....##..#
..####.####..####.##
#............@O......
#...........%.###..##
###############


You could see an ogre.

Vanquished Creatures
  Purgy (Sewer)
  3 hounds (D:4)
  A hound skeleton (D:4)
  An adder (D:2)
  A gnoll (D:2)
  An ooze (D:1)
  6 worms
  4 dart slugs
  A leopard gecko (D:2)
  5 orcs
  A ball python (D:1)
  13 giant cockroaches
  11 goblins
  6 hobgoblins
  11 jackals
  A quokka (D:2)
  5 bats
  9 frilled lizards
  12 kobolds
  3 rats
96 creatures vanquished.

Notes
Turn   | Place    | Note
-------+----------+-------------------------------------------
     0 | D:1      | Mrkan the Minotaur Fighter began the quest for the Orb.
     0 | D:1      | Reached XP level 1. HP: 19/19 MP: 0/0
    72 | D:1      | Reached skill level 3 in Maces & Flails
    79 | D:1      | Reached XP level 2. HP: 26/27 MP: 1/1
   432 | D:1      | Reached XP level 3. HP: 12/33 MP: 2/2
   998 | D:1      | Reached skill level 4 in Maces & Flails
  1513 | D:2      | Reached XP level 4. HP: 32/41 MP: 3/3
  2211 | D:2      | Found an iron altar of Okawaru.
  2219 | D:2      | Reached skill level 5 in Maces & Flails
  2872 | D:3      | Reached XP level 5. HP: 47/47 MP: 4/4
  3005 | D:3      | Found a radiant altar of Vehumet.
  3094 | D:3      | Found a glowing drain.
  3127 | Sewer    | Entered a sewer
  3188 | Sewer    | Noticed Purgy
  3200 | Sewer    | Killed Purgy
  3200 | Sewer    | Reached skill level 5 in Fighting
  3200 | Sewer    | Reached skill level 6 in Maces & Flails
  3630 | D:4      | Reached XP level 6. HP: 56/56 MP: 5/5
  3693 | D:4      | Found a glowing golden altar of the Shining One.
  3724 | D:4      | Slain by an ogre

Skill      XL: |  1  2  3  4  5 |
---------------+----------------+-----
Maces & Flails | 3 4 5 6 |  6.8
Fighting       | 4 5 |  5.7
Armour         | |  3.6
Shields        | |  3.6

Action                   |  1- 3 |  4- 6 || total
-------------------------+-------+-------++-------
Melee: Flail             |   100 |   149 ||   249
       Headbutt          |    16 |    17 ||    33
  Use: Scroll            |       |     8 ||     8
  Eat: Chunk             |     2 |     7 ||     9
Armor: Scale mail        |    38 |    76 ||   114
Dodge: Dodged            |    36 |    61 ||    97
Block: Shield            |    54 |    93 ||   147
